AoeStats
← Fireworks

Oasis

507948453Analyzed
4v4 RM · 13d ago on Sep 20, 2026· 23m 15s· 8 players
Game mode
Random Map
Map size
Large (8 player)
Population
200
Speed
Normal
Resources
Standard
Victory
Conquest
Starting age
Dark Age
Ending age
Imperial Age
RankedLock teamsTeams togetherTeam positionsShared explorationLock speedFull tech treeHidden civsTurbo modeCheats
Victory
Defeat
🇨🇳 Poles · China
1475
+15
🇨🇳 Saracens · China
1469
+15
🇨🇳 Chinese · China
1364
+19
🇨🇳 Khmer · China
1355
+20
🇹🇷 Britons · Türkiye
1529
-22
🇨🇳 Byzantines · China
1439
-17
🇻🇳 Franks · Vietnam
1424
-16
🇺🇸 Hindustanis · United States
1368
-14
WingsRegained
7:18 Loom
10:09 Feudal Age
12:20 Double-Bit Axe
14:52 Scale Barding Armor
17:25 Horse Collar
18:57 Bloodlines
20:59 Wheelbarrow
Kr4mer
6:26 Loom
8:40 Feudal Age
9:43 Double-Bit Axe
10:16 Horse Collar
14:36 Fletching
16:15 Padded Archer Armor
人生😈百态
6:20 Loom
9:58 Feudal Age
10:52 Double-Bit Axe
13:11 Fletching
15:31 Padded Archer Armor
20:28 Wheelbarrow
VN_BILL
7:12 Loom
9:44 Feudal Age
10:26 Double-Bit Axe
13:31 Forging
15:08 Scale Barding Armor
93老玩家回归
0:41 Loom
10:22 Feudal Age
11:08 Double-Bit Axe
16:44 Fletching
16:55 Padded Archer Armor
赶脚的柠檬头
8:33 Feudal Age
9:22 Double-Bit Axe
10:18 Horse Collar
13:32 Bloodlines
16:24 Forging
16:25 Scale Barding Armor
18:38 Forging
22:36 Castle Age
21:19 Gold Mining
22:29 Stone Mining
22:37 Light Cavalry
23:19 Husbandry
23:54 Heavy Plow
唐火火
7:43 Loom
10:06 Feudal Age
12:03 Scale Barding Armor
12:12 Bloodlines
16:59 Double-Bit Axe
17:22 Horse Collar
18:46 Forging
23:33 Castle Age
Fireworks
6:46 Loom
8:56 Feudal Age
13:23 Fletching
22:41 Castle Age
21:02 Double-Bit Axe
Connection lost

Rejoining the realm…

Still unreachable

The connection could not be restored.

Session expired

The server has moved on; the page needs a fresh start.